 Dungeon Crawl Stone Soup version 0.30-a0-223-gcb0039aa0c (webtiles) character file.

Game seed: 8111118012300842254

303 qw the Chopper (level 6, -6/37 HPs)
             Began as a Gargoyle Fighter on Oct 9, 2022.
             Mangled by Ijyb
             ... wielding a +6 spectral club
              (11 damage)
             ... on level 3 of the Dungeon.
             The game lasted 00:00:51 (2317 turns).

qw the Chopper (Gargoyle Fighter)                   Turns: 2317, Time: 00:00:52

Health: -6/37      AC:  3    Str: 21    XL:     6   Next: 38%
Magic:  6/6        EV:  9    Int:  9    God:
Gold:   213        SH:  4    Dex:  9    Spells: 5/5 levels left

rFire   . . .      SeeInvis .    Y - +1 war axe
rCold   . . .      Faith    .    c - +0 buckler
rNeg    + . .      Spirit   .    b - +0 scale mail
rPois   inf        Reflect  .    (no helmet)
rElec   +          Harm     .    (no cloak)
rCorr   .          Rampage  .    (no gloves)
Will    .....                    (no boots)
Stlth   ..........               (no amulet)
HPRegen 0.26/turn                (no ring)
MPRegen 0.10/turn                (no ring)

@: corroded
A: sickness immunity, AC +4, negative energy resistance 1, electricity
resistance, torment resistance 1, petrification resistance
a: no special abilities


You were on level 3 of the Dungeon.
You visited 1 branch of the dungeon, and saw 3 of its levels.

You collected 245 gold pieces.
You spent 32 gold pieces at shops.


Innate Abilities, Weirdness & Mutations

You are immune to sickness and miasma.
Your stone body is resilient. (AC +4)
You are immune to poison.
You resist negative energy. (rN+)
You are resistant to electric shocks. (rElec)
You are resistant to unholy torment.
You are immune to petrification.


   Skills:
 + Level 3.3 Fighting
 - Level 5.7 Axes
 - Level 1.2 Throwing
 - Level 3.2 Armour
 - Level 3.2 Shields


You had 5 spell levels left.
You didn't know any spells.
Your spell library was empty.

Inventory:

Hand Weapons
 f - a +0 flail
 Y - a +1 war axe (weapon)
Missiles
 n - 3 javelins (quivered)
Armour
 b - a +0 scale mail (worn)
 c - a +0 buckler (worn)
 i - a +2 pair of gloves
Scrolls
 a - a scroll of blinking {unknown}
 g - a scroll of fear {unknown}
 h - a scroll of identify
Potions
 d - a potion of might
 e - a potion of magic {unknown}
 j - a potion of attraction {unknown}
 k - a potion of invisibility {unknown}
 l - a potion of mutation {unknown}
 m - a potion of degeneration {unknown}

Dungeon Overview and Level Annotations

Branches:
Dungeon (3/15)

Altars:
Xom

Shops:
D:2 (

Annotations:
D:3 Ijyb


Message History

Ijyb shouts!
Ijyb moves out of view.
Found a stone staircase leading up.
Ijyb zaps a wand.
The bolt of acid misses you.
Enter note:
Enter note:
Enter note:
2308 ||| Stepping ~*~*~tactically~*~*~ (hiding).
You start waiting.
A rat comes into view.
Ijyb screams, "Me stronger than you!"
Ijyb zaps a wand.
The bolt of acid hits you! The acid corrodes you! Ijyb barely misses you.
You hit Ijyb.
Ijyb is moderately wounded.
Ijyb hits you with a +6 spectral club.
You hit Ijyb but do no damage.
Ijyb is moderately wounded.
Ijyb zaps a wand.
The bolt of acid hits you!!
Ouch! That really hurt!
The acid corrodes you!
You hit Ijyb but do no damage.
Ijyb is moderately wounded.
You hit the rat but do no damage. You block Ijyb's attack.
The rat barely misses you.
You barely miss Ijyb.
Ijyb is moderately wounded.
You hit the rat but do no damage. Ijyb hits you with a +6 spectral club.
You block the rat's attack. Ijyb closely misses you.
The rat bites you but does no damage.
You hit Ijyb but do no damage.
Ijyb is moderately wounded.
You closely miss the rat. Ijyb closely misses you. You block the rat's attack.
You hit Ijyb.
Ijyb is moderately wounded.
You hit the rat.
You kill the rat!
Ijyb hits you with a +6 spectral club!
You die...

.......).....# #####...##
.............# #.....#
.....#..####.## #........#....
..........##..####...#####.#####.
.......#...........# ..#
.....####......##### .##.
...........##......### .# .
......###.###........# . ##.####
#. ####@%.#..< .. ##.# # ##g....#
#..# .#..... #.## ..<##.. #.#
..## # #.# ..# #.# ... ..# .#.
###


You could see Ijyb.

Vanquished Creatures
  Sigmund (D:3)
  3 adders (D:2)
  4 gnolls (D:2)
  3 worms
  4 dart slugs
  3 orcs (D:3)
  5 ball pythons
  3 endoplasms
  A giant cockroach (D:1)
  3 goblins
  8 hobgoblins (D:2)
  7 jackals (D:1)
  2 quokkas
  11 bats
  2 frilled lizards
  6 kobolds
  6 rats
72 creatures vanquished.

Notes
Turn   | Place    | Note
-------+----------+-------------------------------------------
     0 | D:1      | qw the Gargoyle Fighter began the quest for the Orb.
     0 | D:1      | Reached XP level 1. HP: 14/14 MP: 1/1
     0 | D:1      | 0 ||| qw: Version: 0.2-a-17-g06abaee
     0 | D:1      | 0 ||| qw: Game counter: 2201
     0 | D:1      | 0 ||| qw: Always use a shield: true
     0 | D:1      | 0 ||| qw: God list: Okawaru
     0 | D:1      | 0 ||| qw: Allow faded altars: false
     0 | D:1      | 0 ||| qw: Do Orc after D:15 true
     0 | D:1      | 0 ||| qw: Do second Lair branch before Depths: true
     0 | D:1      | 0 ||| qw: Lair rune preference: random
     0 | D:1      | 0 ||| qw: Plans: Normal, Zot:1-4, God:TSO, Crypt, Tomb,
                  | Pan, Slime:5, Hells, Abyss, Orb
     0 | D:1      | 0 ||| PLANNING D:1-11
    32 | D:1      | 32 ||| Stepping ~*~*~tactically~*~*~ (stealth).
    73 | D:1      | Reached skill level 2 in Axes
   125 | D:1      | Reached XP level 2. HP: 19/19 MP: 2/2
   328 | D:1      | Reached skill level 3 in Axes
   433 | D:1      | Reached XP level 3. HP: 22/23 MP: 3/3
   727 | D:1      | 727 ||| DROPPING amulet of magic regeneration.
   728 | D:1      | 728 ||| DROPPING ring of magical power.
   729 | D:1      | 729 ||| READING 3 scrolls labelled CYTUEK BEUNOAF.
   730 | D:1      | 730 ||| READING scroll labelled YJERGH HEDYU.
   731 | D:1      | 731 ||| READING scroll labelled UBRA PENLEUT.
   732 | D:1      | 732 ||| READING scroll labelled UBBIREV MUOPP.
   733 | D:1      | 733 ||| DROPPING 2 scrolls of noise.
   788 | D:2      | Reached skill level 1 in Throwing
   790 | D:2      | 790 ||| Stepping ~*~*~tactically~*~*~ (stealth).
   814 | D:2      | Found a shimmering altar of Xom.
   840 | D:2      | Reached XP level 4. HP: 28/28 MP: 4/4
   920 | D:2      | Found Elatiam's Weapon Shoppe.
   928 | D:2      | 928 ||| BUYING +0 whip (32 gold).
   928 | D:2      | Bought a +0 whip for 32 gold pieces
   929 | D:2      | 929 ||| DROPPING +0 club.
  1007 | D:2      | 1007 ||| Stepping ~*~*~tactically~*~*~ (hiding).
  1251 | D:2      | 1251 ||| Stepping ~*~*~tactically~*~*~ (stealth).
  1253 | D:2      | 1253 ||| Stepping ~*~*~tactically~*~*~ (stealth).
  1351 | D:2      | 1351 ||| Stepping ~*~*~tactically~*~*~ (hiding).
  1391 | D:2      | 1391 ||| Stepping ~*~*~tactically~*~*~ (hiding).
  1405 | D:2      | Reached skill level 4 in Axes
  1423 | D:2      | 1423 ||| Stepping ~*~*~tactically~*~*~ (stealth).
  1424 | D:2      | 1424 ||| Stepping ~*~*~tactically~*~*~ (stealth).
  1427 | D:2      | 1427 ||| Stepping ~*~*~tactically~*~*~ (stealth).
  1437 | D:2      | Reached XP level 5. HP: 31/32 MP: 5/5
  1446 | D:2      | 1446 ||| DROPPING +0 whip.
  1507 | D:2      | 1507 ||| Stepping ~*~*~tactically~*~*~ (stealth).
  1509 | D:2      | 1509 ||| Stepping ~*~*~tactically~*~*~ (stealth).
  1513 | D:2      | 1513 ||| Stepping ~*~*~tactically~*~*~ (hiding).
  1864 | D:2      | 1864 ||| DRINKING 2 dark potions.
  1920 | D:3      | 1920 ||| STAIRDANCE
  1928 | D:3      | 1928 ||| STAIRDANCE
  1989 | D:3      | Noticed Sigmund
  2001 | D:3      | HP: 8/32 [Sigmund/+0 scythe (3)]
  2002 | D:3      | 2002 ||| DRINKING potion of heal wounds.
  2006 | D:3      | Killed Sigmund
  2007 | D:3      | Reached skill level 5 in Axes
  2007 | D:3      | Reached XP level 6. HP: 30/37 MP: 6/6
  2306 | D:3      | Noticed Ijyb
  2308 | D:3      | 2308 ||| Stepping ~*~*~tactically~*~*~ (hiding).
  2313 | D:3      | HP: 9/37 [Ijyb/bolt of acid (20)]
  2317 | D:3      | Mangled by Ijyb

Levels and vault maps discovered:
D:1:      ebering_trefoil_3fold, layout_loops_ring, corexii_hall_statues_deadend
D:2:      minmay_inner_zag, layout_basic, basic_altar, serial_shops, shop
D:3:      layout_rooms, uniq_ijyb, uniq_sigmund

Skill      XL: |  1  2  3  4  5 |
---------------+----------------+-----
Axes           | 2 3 4 5 |  5.7
Throwing       | 1 |  1.2
Fighting       | |  3.3
Armour         | |  3.2
Shields        | |  3.2

Action                   |  1- 3 |  4- 6 || total
-------------------------+-------+-------++-------
Melee: War axe           |    75 |    79 ||   154
Throw: Javelin           |    11 |    21 ||    32
  Use: Scroll            |     4 |       ||     4
       Potion            |       |     2 ||     2
Armor: Scale mail        |    36 |    30 ||    66
Dodge: Dodged            |    42 |    42 ||    84
Block: Buckler           |    12 |    10 ||    22

Table legend:
 A = Non-vault XP
 B = Vault XP
 C = Vault XP percentage of total XP
 D = Non-vault monster count
 E = Vault monster count
 F = Vault count percentage of total count
                 A         B        C        D         E       F
            +---------+---------+-------+---------+---------+-------
      Total |     212 |     223 |  51.3 |      66 |       6 |   8.3
            +---------+---------+-------+---------+---------+-------
        D:1 |      44 |       0 |   0.0 |      25 |       0 |   0.0
        D:2 |     146 |       9 |   5.8 |      30 |       5 |  14.3
        D:3 |      22 |     214 |  90.7 |      11 |       1 |   8.3
            +---------+---------+-------+---------+---------+-------
